Map: Frost LE

Players

Nerchio - Winner!

  • Race: Zerg Zerg
  • League: Master

SortOf

  • Race: Zerg Zerg
  • League: Master

Event: DreamHack ZOWIE Open Valencia 2016

VOD

Have the link to the VOD?

Description

Time

  • Played on: July 16, 2016, 9:59 a.m.
  • Length: 11:21

All games in this series

Show
View Real Time Build Order
Export as new Build Order

Nerchio Zerg - Winner!

Build Orders: Hatch First 

Get SALT Encoding   

  12  0:00  Drone  
  13  0:12  Overlord  
  13  0:17  Drone  
  14  0:31  Drone x2  
  14  0:34  Drone  
  17  0:53  Hatchery  
  17  0:56  Drone  
  17  1:10  Spawning Pool  
  16  1:12  Drone  
  16  1:16  Drone  
  18  1:20  Extractor  
  18  1:22  Drone  
  18  1:28  Drone  
  19  1:38  Overlord  
  19  1:56  Queen  
  19  1:57  Zergling x2  
  19  2:00  Zergling x2  
  23  2:05  Queen  
  25  2:17  Spine Crawler, Zergling x6  
  27  2:26  Baneling Nest  
  27  2:28  Zergling x2  
  27  2:33  Zergling x2  
  27  2:34  Zergling x2  
  27  2:40  Zergling x2  
  28  2:44  Zergling x2  
  28  2:48  Zergling x2  
  29  2:55  Zergling x2  
  27  2:59  Drone  
  27  3:07  Drone, Metabolic Boost  
  27  3:10  Queen  
  30  3:18  Drone  
  30  3:22  Drone  
  30  3:24  Drone  
  30  3:34  Drone x3  
  32  3:38  Drone  
  34  3:42  Drone  
  34  3:44  Drone  
  36  3:50  Overlord  
  36  3:53  Baneling  
  36  3:54  Baneling  
  36  3:57  Overlord  
  36  4:08  Drone  
  36  4:09  Drone x3  
  40  4:10  Drone  
  41  4:19  Drone x2  
  43  4:31  Drone  
  44  4:33  Hatchery  
  44  4:36  Drone x3  
  46  4:40  Drone  
  46  4:43  Evolution Chamber  
  46  4:45  Drone  
  47  4:47  Overlord  
  47  4:49  Drone  
  47  4:51  Drone  
  49  4:53  Drone  
  49  4:55  Extractor  
  48  5:01  Drone x3  
  48  5:03  Lair  
  51  5:10  Roach Warren  
  51  5:13  Drone x2  
  52  5:19  Overlord  
  52  5:26  Queen  
  54  5:32  Overlord  
  54  5:37  Overlord  
  56  5:50  Queen, Roach x7  
  56  5:53  Zerg Missile Weapons Level 1  
  56  5:56  Roach  
  72  6:02  Spine Crawler, Roach  
  73  6:05  Roach  
  75  6:14  Roach x3  
  75  6:15  Roach  
  75  6:17  Zergling x6  
  86  6:21  Overlord  
  86  6:22  Roach  
  86  6:25  Overlord  
  88  6:32  Roach  
  89  6:36  Roach  
  89  6:39  Roach  
  88  6:41  Zergling x6  
  89  6:48  Roach  
  89  6:52  Queen x2  
  89  6:53  Roach  
  98  6:54  Zergling x2  
  94  7:02  Glial Reconstitution  
  96  7:08  Overlord, Roach  
  96  7:10  Hatchery  
  96  7:12  Overlord  
  96  7:14  Extractor  
  94  7:19  Baneling  
  94  7:20  Baneling  
  94  7:21  Overlord  
  94  7:25  Overlord  
  94  7:31  Drone x2  
  94  7:32  Drone  
  94  7:34  Drone x3  
  94  7:35  Extractor  
  99  7:46  Roach x2  
  103  7:51  Zerg Missile Weapons Level 2  
  103  7:53  Overlord  
  103  8:01  Roach  
  103  8:02  Roach  
  103  8:03  Overlord x2  
  107  8:07  Overlord  
  107  8:15  Roach  
  107  8:16  Roach x2  
  107  8:17  Roach  
  115  8:22  Roach  
  115  8:23  Roach  
  119  8:27  Roach  
  119  8:30  Roach x3  
  119  8:33  Roach  
  131  8:34  Roach  
  131  8:39  Roach x2  
  135  8:43  Roach  
  135  8:47  Roach  
  135  8:48  Roach  
  141  8:51  Overlord  
  141  8:55  Overlord  
  141  8:57  Overlord  
  140  9:04  Baneling x2  
  140  9:05  Baneling x2  
  140  9:06  Roach x2  
  144  9:10  Overlord  
  144  9:13  Roach  
  144  9:14  Roach  
  148  9:17  Ravager x2  
  148  9:18  Ravager  
  148  9:20  Roach  
  148  9:21  Roach  
  148  9:24  Roach  
  157  9:27  Roach  
  157  9:29  Roach  
  157  9:30  Roach  
  163  9:34  Roach  
  163  9:36  Roach  
  163  9:38  Roach  
  169  9:41  Roach  
  169  9:45  Roach  
  173  9:46  Roach  
  173  9:49  Roach  
  173  9:52  Roach  
  176  9:54  Roach  
  176  9:56  Roach  
  176  9:59  Overlord  
  178  10:04  Overlord  
  178  10:08  Overlord  
  178  10:09  Evolution Chamber  
  177  10:20  Roach x4  
  179  10:28  Roach x4  
  185  10:43  Roach  
  185  10:44  Roach x3  
  185  10:45  Roach  
  191  10:57  Roach  
  182  10:59  Roach x3  
  182  11:00  Roach  
  182  11:02  Roach  
Show
View Real Time Build Order
Export as new Build Order

SortOf Zerg 

Build Orders: Pool First 

Get SALT Encoding   

  12  0:00  Drone  
  13  0:11  Extractor  
  12  0:24  Spawning Pool  
  11  0:29  Drone  
  11  0:34  Drone  
  13  0:39  Drone  
  14  0:51  Overlord  
  15  1:11  Zergling x2  
  15  1:12  Metabolic Boost  
  15  1:18  Queen  
  15  1:22  Zergling x2  
  18  1:27  Zergling x2  
  18  1:30  Zergling x2  
  20  1:37  Zergling x2  
  21  1:46  Overlord  
  21  1:56  Zergling x2  
  22  2:08  Hatchery  
  22  2:12  Zergling x2  
  22  2:18  Zergling x2  
  23  2:25  Zergling x4  
  24  2:40  Zergling x2  
  24  2:41  Zergling x4  
  24  2:59  Queen, Zergling x2  
  25  3:11  Drone  
  25  3:12  Drone x2  
  28  3:20  Drone x2  
  28  3:26  Drone  
  25  3:35  Drone x2  
  27  3:42  Drone  
  27  3:44  Drone  
  29  3:52  Queen  
  29  3:54  Drone x2  
  33  3:58  Drone x3  
  33  4:01  Evolution Chamber  
  35  4:06  Drone  
  36  4:15  Roach Warren  
  36  4:16  Drone  
  36  4:20  Overlord  
  36  4:24  Overlord  
  36  4:43  Drone x6  
  36  4:44  Drone  
  43  4:46  Extractor  
  43  4:52  Drone x2  
  44  4:53  Extractor  
  44  4:58  Overlord  
  43  5:03  Roach x2  
  43  5:04  Roach  
  49  5:09  Roach  
  49  5:11  Overlord  
  51  5:14  Overlord  
  51  5:18  Roach  
  53  5:22  Roach  
  53  5:24  Roach  
  53  5:27  Roach  
  59  5:33  Zergling x6  
  62  5:36  Zergling x2  
  62  5:38  Zergling x4  
  62  5:42  Zergling x2  
  66  5:43  Ravager  
  66  5:44  Ravager  
  66  5:45  Ravager  
  66  5:46  Overlord  
  69  5:51  Ravager  
  69  5:55  Zergling x6  
  69  5:56  Zergling x2  
  74  5:59  Ravager  
  74  6:02  Zergling x2  
  76  6:04  Overlord  
  76  6:07  Zergling x2  
  76  6:08  Zergling x4  
  76  6:09  Ravager  
  76  6:10  Zergling x2  
  81  6:19  Zergling x2  
  79  6:34  Zergling x4  
  79  6:35  Zergling x8  
  81  6:43  Zergling x2  
  76  6:49  Zergling x2  
  76  6:58  Zerg Melee Weapons Level 1  
  76  6:59  Drone x6  
  82  7:05  Roach  
  84  7:12  Roach  
  86  7:16  Hatchery  
  86  7:17  Roach  
  86  7:22  Overlord  
  87  7:25  Overlord  
  87  7:27  Overlord  
  87  7:33  Overlord  
  87  7:37  Overlord x2  
  87  7:43  Roach  
  87  7:44  Roach x2  
  93  7:55  Overlord  
  93  7:58  Roach x7  
  106  8:14  Roach x2  
  106  8:16  Overlord  
  110  8:21  Zergling x8  
  110  8:23  Zergling x2  
  110  8:24  Zergling x4  
  117  8:29  Zergling x6  
  120  8:42  Zergling x6  
  123  8:51  Zergling x10  
  123  8:52  Zergling x6  
  131  8:56  Zerg Ground Armor Level 1  
  131  9:01  Zergling x8  
  135  9:08  Overlord  
  135  9:11  Zergling x4  
  137  9:17  Ravager  
  137  9:18  Ravager x11  
  137  9:22  Zergling x4  
  151  9:24  Zergling x2  
  151  9:27  Zergling x4  
  151  9:30  Zergling x4  
  155  9:35  Zergling x4  
  155  9:36  Zergling x2  
  157  9:40  Ravager  
  157  9:41  Ravager  
  157  9:44  Zergling x2  
  157  9:45  Zergling x6  
  150  9:55  Zergling x6  
  150  9:59  Zergling x12  
  158  10:03  Zergling x4  
  158  10:04  Zergling x2  
  161  10:13  Zergling x4  
  161  10:16  Zergling x6  
  161  10:18  Roach  
  161  10:19  Roach  
  156  10:21  Roach  
  156  10:23  Roach  
  156  10:27  Roach  
  156  10:28  Roach  
  146  10:34  Zergling x2  
  146  10:35  Zergling x6  
  149  10:36  Zergling x2  
  149  10:42  Zergling x4  
  149  10:45  Zergling x6  
  149  10:50  Ravager x4  
  127  10:58  Zergling x12  

Tags
 
Add a new tag
Caveats
  • Supply blocks, unpowered buildings, or Contaminate may cause inaccurate times.
  • Supply counts are checked every 10 seconds.